 Dungeon Crawl Stone Soup version 0.31-a0-188-g5e087ee2ca (webtiles) character file.

Game seed: 17095790688342648461

520 qw the Skirmisher (level 7, -7/40 HPs)
             Began as a Deep Elf Hunter on June 23, 2023.
             Mangled by Pikel
             ... wielding a +0 whip of electrocution
              (11 damage)
             ... on level 4 of the Dungeon.
             The game lasted 00:01:27 (3468 turns).

qw the Skirmisher (Deep Elf Hunter)                 Turns: 3468, Time: 00:01:27

Health: -7/40      AC: 11    Str: 12    XL:     7   Next: 1%
Magic:  3/3        EV: 12    Int: 14    God:
Gold:   156        SH:  0    Dex: 18    Spells: 6/6 levels left

rFire   . . .        b - +2 sling of Gishryeha {antimagic, Str+2}
rCold   . . .        (no shield)
rNeg    . . .        o - +0 ring mail
rPois   .            d - +0 helmet
rElec   .            f - +2 cloak
rCorr   +            c - +1 Delatra's gloves {ID++}
SInv    .            (no boots)
Will    .....        (no amulet)
Stlth   +            h - ring of resist corrosion
HPRegen 0.26/turn    (no ring)
MPRegen 0.08/turn

%: no passive effects
@: no status effects
A: no striking features
a: no special abilities


You were on level 4 of the Dungeon.
You visited 1 branch of the dungeon, and saw 5 of its levels.

You collected 219 gold pieces.
You spent 63 gold pieces at shops.


   Skills:
 - Level 2.0 Fighting
 + Level 9.7 Ranged Weapons
 - Level 2.1 Armour
 - Level 3.6 Dodging
 - Level 1.2 Stealth


You had 6 spell levels left.
You didn't know any spells.
Your spell library was empty.

Inventory:

Hand Weapons
 b - the +2 sling of Gishryeha (weapon) {antimagic, Str+2}
   (You found it on level 2 of the Dungeon)

   Str:       It affects your strength (+2).
Armour
 c - the +1 Delatra's gloves (worn) {ID++}
   (You found it on level 3 of the Dungeon)

   ID++:      It heals its wearer when they drink unknown potions, and restores
   their MP when they read unknown scrolls.
 d - a +0 helmet (worn)
 f - a +2 cloak (worn)
 o - a +0 ring mail (worn)
Jewellery
 h - a ring of resist corrosion (left hand)
Scrolls
 a - 4 scrolls of identify
Potions
 e - a potion of mutation
 g - a potion of might
 i - a potion of cancellation
 l - a potion of haste
 n - 3 potions of curing

Dungeon Overview and Level Annotations

Branches:
Dungeon (5/15)
 Temple: D:4-7

Altars:

Shops:
D:1 *![![

Annotations:
D:2 1 runed translucent door, Crazy Yiuf
D:3 3 runed translucent doors, qw's ghost, novice DEHu
D:4 Pikel


Message History

You shoot a sling bullet. The sling bullet closely misses Pikel.
Pikel misses you.
You shoot a sling bullet. The sling bullet hits Pikel.
Pikel is heavily wounded.
Pikel barely misses you.
You shoot a sling bullet. The sling bullet closely misses Pikel.
Pikel barely misses you.
You shoot a sling bullet. The sling bullet hits Pikel.
Pikel is heavily wounded.
Pikel hits you with a +0 whip of electrocution.
You shoot a sling bullet. The sling bullet barely misses Pikel.
Pikel hits you but does no damage.
You shoot a sling bullet. The sling bullet hits Pikel.
Pikel is heavily wounded.
Pikel hits you with a +0 whip of electrocution!
You shoot a sling bullet. The sling bullet misses Pikel.
Pikel hits you with a +0 whip of electrocution.
You shoot a sling bullet. The sling bullet hits Pikel.
Pikel is severely wounded.
Pikel hits you but does no damage.
You shoot a sling bullet. The sling bullet closely misses Pikel.
Pikel hits you with a +0 whip of electrocution.
You shoot a sling bullet. The sling bullet hits Pikel.
Pikel is almost dead.
Pikel hits you with a +0 whip of electrocution.
You shoot a sling bullet.
The sling bullet completely misses Pikel.
Pikel hits you with a +0 whip of electrocution.
You shoot a sling bullet. The sling bullet barely misses Pikel.
Pikel closely misses you.
You shoot a sling bullet. The sling bullet hits Pikel.
Pikel is almost dead.
Pikel misses you.
You shoot a sling bullet. The sling bullet hits Pikel.
Pikel is almost dead.
Pikel hits you with a +0 whip of electrocution.
You shoot a sling bullet. The sling bullet closely misses Pikel.
Pikel hits you with a +0 whip of electrocution.
You are electrocuted!
You die...

####.# ##..## ##......[##
#.#####...#########.......
##..............#######...
####..).........## ####
########...######..######
#.........## ##......###
#...##...## ###......#
#.########## ######.. #.#
#.@####### ##( #.##
#K...##..# ## ###
#..######........# #
#.####................##
##.##..#####..######...##
## #......# #..# ##.....##
##. ##...#..####..#
##%.###..# #..
##.##.###..#...###..##
#..# #.. #.###.#
##...###...## ##.## ##.


You could see Pikel.

Vanquished Creatures
  A black bear (D:4)
  A centaur (D:5)
  An ogre (D:4)
  A howler monkey (D:5)
  2 hounds (D:4)
  A sleepcap (D:5)
  Jessica (D:2)
  4 adders
  2 dart slugs
  2 orcs
  13 ball pythons
  8 endoplasms
  A giant cockroach (D:3)
  8 goblins
  10 hobgoblins
  7 kobolds
  2 quokkas
  4 bats
  A frilled lizard (D:2)
  8 rats
78 creatures vanquished.

Notes
Turn   | Place    | Note
-------+----------+-------------------------------------------
     0 | D:1      | qw the Deep Elf Hunter began the quest for the Orb.
     0 | D:1      | Reached XP level 1. HP: 12/12 MP: 3/3
     0 | D:1      | 0 ||| qw: Version: 0.3-a-9-g12657ce
     0 | D:1      | 0 ||| qw: Game counter: 3786
     0 | D:1      | 0 ||| qw: Always use a shield: true
     0 | D:1      | 0 ||| qw: God list: Okawaru
     0 | D:1      | 0 ||| qw: Allow faded altars: false
     0 | D:1      | 0 ||| qw: Do Orc after D:15 true
     0 | D:1      | 0 ||| qw: Do second Lair branch before Depths: true
     0 | D:1      | 0 ||| qw: Lair rune preference: random
     0 | D:1      | 0 ||| qw: Plans: Normal
     0 | D:1      | 0 ||| PLANNING D:1-11
    98 | D:1      | Reached skill level 6 in Ranged Weapons
    98 | D:1      | Reached XP level 2. HP: 16/16 MP: 4/4
    99 | D:1      | Found Aqygrosm's Antique Armour Shop.
   128 | D:1      | 128 ||| SHOPLISTING jewelled ring mail (162 gold, have 37).
   128 | D:1      | 128 ||| SHOPLISTING ring mail (72 gold, have 37).
   132 | D:1      | Found Hujukel's Distillery.
   140 | D:1      | 140 ||| SHOPLISTING 2 potions of heal wounds (120 gold,
                  | have 37).
   140 | D:1      | 140 ||| SHOPLISTING 2 potions of resistance (240 gold, have
                  | 37).
   140 | D:1      | 140 ||| BUYING potion of curing (36 gold).
   140 | D:1      | Bought a potion of curing for 36 gold pieces
   140 | D:1      | 140 ||| SHOPLISTING potion of curing (36 gold, have 1).
   140 | D:1      | 140 ||| SHOPLISTING potion of heal wounds (60 gold, have
                  | 1).
   140 | D:1      | 140 ||| SHOPLISTING potion of mutation (96 gold, have 1).
   371 | D:1      | HP: 4/16 [goblin/+0 club (1)]
   371 | D:1      | HP: 1/16 [kobold/+0 dagger (3)]
   447 | D:1      | Reached XP level 3. HP: 20/20 MP: 5/5
   457 | D:1      | Found Joaleh's Antique Armour Boutique.
   470 | D:1      | 470 ||| SHOPLISTING embroidered robe (88 gold, have 38).
   470 | D:1      | 470 ||| SHOPLISTING glowing fire dragon scales (1512 gold,
                  | have 38).
   470 | D:1      | 470 ||| SHOPLISTING ring mail (96 gold, have 38).
   470 | D:1      | 470 ||| SHOPLISTING slimy leather armour (168 gold, have
                  | 38).
   498 | D:1      | Found Meimi's Distillery.
   507 | D:1      | 507 ||| SHOPLISTING potion of heal wounds (50 gold, have
                  | 38).
   507 | D:1      | 507 ||| SHOPLISTING potion of might (40 gold, have 38).
   511 | D:1      | Found Qicunt's Assorted Antiques.
   518 | D:1      | 518 ||| SHOPLISTING ivory wand (108 gold, have 38).
   518 | D:1      | 518 ||| SHOPLISTING orcbow (94 gold, have 38).
   518 | D:1      | 518 ||| BUYING scroll labelled MYKO EBLAOS (27 gold).
   518 | D:1      | Bought a scroll labelled MYKO EBLAOS for 27 gold pieces
   518 | D:1      | 518 ||| SHOPLISTING scroll labelled YHAPSO PEVIHU (27 gold,
                  | have 11).
   518 | D:1      | 518 ||| SHOPLISTING smoky sapphire potion (24 gold, have
                  | 11).
   599 | D:1      | 599 ||| UPGRADING to +0 helmet.
   604 | D:1      | 604 ||| DROPPING scarf of invisibility.
   605 | D:1      | 605 ||| UPGRADING to +0 scale mail.
   615 | D:1      | 615 ||| DROPPING +0 leather armour.
   616 | D:1      | 616 ||| READING scroll labelled KEEMPE PYFUP.
   617 | D:1      | 617 ||| READING 2 scrolls labelled ULUTASCHUEFAU.
   618 | D:1      | 618 ||| READING scroll labelled ZORERUGIJI.
   619 | D:1      | 619 ||| READING scroll labelled YNULOGHOWN.
   623 | D:1      | 623 ||| READING scroll labelled MYKO EBLAOS.
   624 | D:1      | 624 ||| DROPPING scroll of butterflies.
   625 | D:1      | 625 ||| DROPPING scroll of blinking.
   627 | D:1      | 627 ||| Stepping ~*~*~tactically~*~*~ (cloud).
   628 | D:1      | 628 ||| DRINKING potion of curing.
   628 | D:1      | 628 ||| (to cure poison)
   703 | D:2      | Reached skill level 7 in Ranged Weapons
   721 | D:2      | 721 ||| FLEEEEING.
   722 | D:2      | 722 ||| FLEEEEING.
   723 | D:2      | 723 ||| FLEEEEING.
   724 | D:2      | 724 ||| FLEEEEING.
   727 | D:2      | 727 ||| STAIRDANCE
   798 | D:2      | Noticed Jessica
   807 | D:2      | Killed Jessica
   808 | D:2      | Reached XP level 4. HP: 18/25 MP: 6/6
   837 | D:2      | Identified the +2 sling of Gishryeha {antimagic, Str+2}
   839 | D:2      | 839 ||| SWAPPING to +2 sling of Gishryeha {antimagic,
                  | Str+2}.
   840 | D:2      | 840 ||| DROPPING +0 shortbow of chaos.
   882 | D:2      | 882 ||| Stepping ~*~*~tactically~*~*~ (outnumbered).
   932 | D:2      | Reached skill level 8 in Ranged Weapons
   945 | D:2      | 945 ||| FLEEEEING.
  1111 | D:2      | Found a runed translucent door.
  1112 | D:2      | Noticed Crazy Yiuf
  1285 | D:2      | 1285 ||| READING scroll labelled ROYKEPP OLUL.
  1286 | D:2      | 1286 ||| READING 5 scrolls of identify.
  1286 | D:2      | 1286 ||| IDENTIFYING grey potion
  1287 | D:2      | 1287 ||| READING 4 scrolls of identify.
  1287 | D:2      | 1287 ||| IDENTIFYING white potion
  1288 | D:2      | 1288 ||| READING 3 scrolls of identify.
  1288 | D:2      | 1288 ||| IDENTIFYING smoky sapphire potion
  1289 | D:2      | 1289 ||| READING 2 scrolls of identify.
  1289 | D:2      | 1289 ||| IDENTIFYING smoky yellow potion
  1290 | D:2      | 1290 ||| DROPPING potion of lignification.
  1338 | D:3      | Found the +1 Delatra's gloves {ID++}
  1398 | D:3      | Found a runed translucent gate.
  1399 | D:3      | Found a runed translucent gate.
  1399 | D:3      | Found a runed translucent gate.
  1401 | D:3      | Noticed qw's ghost (novice DEHu)
  1885 | D:3      | 1885 ||| UPGRADING to +1 Delatra's gloves {ID++}.
  1890 | D:3      | 1890 ||| UPGRADING to +2 cloak.
  1895 | D:3      | 1895 ||| UPGRADING to ring of resist corrosion.
  2053 | D:4      | Noticed an ogre
  2058 | D:4      | Killed an ogre
  2059 | D:4      | Reached XP level 5. HP: 29/29 MP: 2/7
  2540 | D:4      | Reached XP level 6. HP: 21/34 MP: 2/8
  2737 | D:4      | Reached skill level 9 in Ranged Weapons
  3191 | D:4      | 3191 ||| UPGRADING to +0 ring mail.
  3201 | D:4      | 3201 ||| DROPPING +0 scale mail.
  3202 | D:4      | 3202 ||| DROPPING amulet of magic regeneration.
  3203 | D:4      | 3203 ||| READING scroll labelled IWONEBL TUMOSONY.
  3204 | D:4      | 3204 ||| DRINKING 2 bubbling red potions.
  3241 | D:5      | Entered Level 5 of the Dungeon
  3308 | D:5      | HP: 4/35 [centaur/arrow (8)]
  3310 | D:5      | Reached skill level 3 in Dodging
  3317 | D:5      | Reached XP level 7. HP: 7/40 MP: 3/9
  3334 | D:5      | Noticed Pikel
  3335 | D:5      | 3335 ||| FLEEEEING.
  3336 | D:5      | 3336 ||| FLEEEEING.
  3337 | D:5      | 3337 ||| FLEEEEING.
  3338 | D:5      | 3338 ||| FLEEEEING.
  3339 | D:5      | 3339 ||| FLEEEEING.
  3340 | D:5      | 3340 ||| FLEEEEING.
  3341 | D:5      | 3341 ||| FLEEEEING.
  3348 | D:5      | 3348 ||| FLEEEEING.
  3349 | D:5      | 3349 ||| FLEEEEING.
  3353 | D:5      | 3353 ||| STAIRDANCE
  3449 | D:5      | 3449 ||| STAIRDANCE
  3464 | D:4      | HP: 8/40 [Pikel/+0 whip of electrocution (5)]
  3468 | D:4      | Mangled by Pikel

Levels and vault maps discovered:
D:1:      lemuel_arrival_rhombus, layout_basic, serial_shops, shop,
          nicolae_shop_tiny_statue_garden, nicolae_shop_peninsula, shop, shop
D:2:      layout_rooms, kennysheep_generic_room_14, uniq_jessica,
          uniq_crazy_yiuf_cottage
D:3:      layout_loops_ring, ebering_ghost_rock_garden
D:4:      layout_layer_cave
D:5:      layout_layer_cave, serial_bayou_lagoon_a, uniq_pikel

Skill      XL: |  1  2  3  4  5  6 |
---------------+-------------------+-----
Ranged Weapons | 6 7 8 9 |  9.7
Armour         | 2 |  2.1
Fighting       | 2 |  2.0
Dodging        | 3 |  3.6
Stealth        | |  1.2

Action                     |  1- 3 |  4- 6 |  7- 9 || total
---------------------------+-------+-------+-------++-------
   Fire: Shortbow          |   112 |       |       ||   112
         Sling             |       |   135 |    22 ||   157
    Use: Scroll            |     5 |     6 |       ||    11
         Potion            |     1 |     1 |       ||     2
 Armour: Leather armour    |    11 |       |       ||    11
         Scale mail        |     6 |    29 |       ||    35
         Ring mail         |       |     4 |     4 ||     8
  Dodge: Dodged            |    25 |    38 |     7 ||    70

Table legend:
 A = Non-vault XP
 B = Vault XP
 C = Vault XP percentage of total XP
 D = Non-vault monster count
 E = Vault monster count
 F = Vault count percentage of total count
                 A         B        C        D         E       F
            +---------+---------+-------+---------+---------+-------
      Total |     707 |      37 |   5.0 |      77 |       1 |   1.3
            +---------+---------+-------+---------+---------+-------
        D:1 |      48 |       0 |   0.0 |      28 |       0 |   0.0
        D:2 |      74 |      37 |  33.3 |      22 |       1 |   4.3
        D:3 |      23 |       0 |   0.0 |       7 |       0 |   0.0
        D:4 |     353 |       0 |   0.0 |      17 |       0 |   0.0
        D:5 |     209 |       0 |   0.0 |       3 |       0 |   0.0
            +---------+---------+-------+---------+---------+-------
